[Event "Titled Tuesday Blitz July 26 Late 2022"]
[White "Naroditsky, Daniel"]
[Black "Djordjevic, Vuk"]
[WhiteFideId "2026961"]
[BlackFideId "902098"]
[WhiteElo "2608"]
[BlackElo "2456"]
[Result "1-0"]
[Round "03"]
[TimeControl "180+1"]
[Date "2022.07.26"]
[WhiteClock "0:00:18"]
[BlackClock "0:00:02"]

1. c4 e5 2. Nc3 Nc6 3. Nf3 g6 4. e3 Bg7 5. d4 d6 6. Be2 exd4 7. exd4 Bg4 8. Be3 Nge7 9. d5 Bxf3 10. gxf3 Ne5 11. f4 Nd7 12. Bd3 O-O 13. Qf3 c6 14. h4 cxd5 15. cxd5 Rc8 16. Kf1 Nf6 17. h5 Nxh5 18. f5 Bxc3 19. bxc3 Rxc3 20. Bd4 Rxd3 21. Qxd3 Nxf5 22. Bb2 Qg5 23. Re1 Qf4 24. Rg1 Nh6 25. Bc1 Qf5 26. Qd4 Qh3+ 27. Ke2 Nf5 28. Qe4 Qc3 29. Qxf5 Re8+ 30. Be3 Qc4+ 31. Kf3 Re5 32. Qg4 Qxd5+ 33. Ke2 Qb5+ 34. Kf3 Qd5+ 35. Ke2 Qb5+ 36. Kd2 Qb2+ 37. Kd3 Rd5+ 38. Bd4 Qa3+ 39. Ke2 Qxa2+ 40. Kf3 Qb3+ 41. Re3 Qb5 42. Qc8+ 1-0


[Site "https://www.chess.com"]

[Event "Titled Tuesday Blitz July 26 Late 2022"]
[White "Nazaretyan, Tigran"]
[Black "Pranav, V"]
[WhiteFideId "24162345"]
[BlackFideId "25060783"]
[WhiteElo "2179"]
[BlackElo "2380"]
[Result "0-1"]
[Round "03"]
[TimeControl "180+1"]
[Date "2022.07.26"]
[WhiteClock "0:00:08"]
[BlackClock "0:00:58"]

1. d4 Nf6 2. c4 e6 3. Nf3 h6 4. Nc3 Bb4 5. Qc2 Bxc3+ 6. Qxc3 b6 7. g3 Bb7 8. Bg2 O-O 9. O-O d6 10. Ne1 Bxg2 11. Nxg2 Nbd7 12. Re1 c5 13. b3 Rc8 14. Bb2 Qe7 15. Nf4 cxd4 16. Qxd4 Rfd8 17. e4 Ne5 18. Kg2 Qb7 19. Rad1 a6 20. Nd3 Ng6 21. Qe3 e5 22. Nb4 Ne7 23. Nd5 Nexd5 24. exd5 b5 25. Qe2 Rc7 26. f4 bxc4 27. bxc4 Rdc8 28. Rc1 Rxc4 29. Rxc4 Qxd5+ 30. Qf3 Rxc4 31. Qxd5 Nxd5 32. Ba3 Rc2+ 33. Kf3 Rc3+ 34. Ke4 Nf6+ 35. Kf5 Rxa3 36. Rd1 exf4 37. Kxf4 Rxa2 38. h3 d5 39. Ke5 Re2+ 40. Kd6 Ne4+ 41. Kc6 Rc2+ 42. Kb6 Nc3 43. Rd4 Ne2 44. Rxd5 Nxg3 45. Kxa6 f5 46. Kb5 f4 47. Rd4 f3 48. Rf4 f2 49. Kb4 f1=Q 50. Rxf1 Nxf1 51. Kb3 Ne3 0-1


[Site "https://www.chess.com"]

[Event "Titled Tuesday Blitz July 26 Late 2022"]
[White "Omariev, Maksim"]
[Black "Oro, Luis"]
[WhiteFideId "4193423"]
[BlackFideId "104094"]
[WhiteElo "2500"]
[BlackElo "2349"]
[Result "1-0"]
[Round "03"]
[TimeControl "180+1"]
[Date "2022.07.27"]
[WhiteClock "0:00:09"]
[BlackClock "0:00:02"]

1. b3 Nf6 2. Bb2 d5 3. h3 e6 4. g4 c5 5. Bg2 Nc6 6. g5 Nd7 7. h4 d4 8. e3 e5 9. c3 Qc7 10. Na3 a6 11. cxd4 exd4 12. Rc1 dxe3 13. dxe3 b5 14. Ne2 Bb7 15. Nf4 Nb4 16. Nd5 Nxd5 17. Bxd5 Nb6 18. Bxb7 Qxb7 19. Rg1 Rd8 20. Qg4 Rg8 21. Nc2 Be7 22. e4 c4 23. Ne3 Bb4+ 24. Kf1 Rd2 25. Rc2 Rxc2 26. Nxc2 Be7 27. Kg2 Qc7 28. bxc4 Nxc4 29. Ba1 Ne5 30. Qe2 Ng6 31. Kh1 Nxh4 32. Ne3 Qd7 33. Rg4 Ng6 34. f4 Bc5 35. Nd5 Kf8 36. f5 Ne7 37. Qc2 Bd6 38. Nb6 Qc6 39. Qxc6 Nxc6 40. e5 Bxe5 41. Nd7+ Ke7 42. Nxe5 Nd8 43. f6+ Ke6 44. fxg7 Rxg7 45. Nf3 Rg8 46. Nd4+ Kd5 47. Nf5 Nc6 48. Nh6 Rg6 49. Bf6 Ke6 50. Re4+ Kd5 51. Re8 Nb4 52. a3 Nd3 53. Nxf7 Nf4 54. Rd8+ Ke6 55. Ne5 1-0


[Site "https://www.chess.com"]

[Event "Titled Tuesday Blitz July 26 Late 2022"]
[White "Oparin, Grigoriy"]
[Black "Krishnan, Varun"]
[WhiteFideId "24125890"]
[BlackFideId "5054508"]
[WhiteElo "2639"]
[BlackElo "2728"]
[Result "1-0"]
[Round "03"]
[TimeControl "180+1"]
[Date "2022.07.26"]
[WhiteClock "0:01:02"]
[BlackClock "0:00:05"]

1. c4 e6 2. Nc3 d5 3. d4 Be7 4. cxd5 exd5 5. Bf4 c6 6. e3 Bd6 7. Nge2 Bxf4 8. Nxf4 Ne7 9. Bd3 Bf5 10. Qc2 Bxd3 11. Nxd3 Nd7 12. O-O-O a5 13. Kb1 b5 14. Ne2 Qb6 15. Rc1 b4 16. Nef4 a4 17. Qd2 Rb8 18. Nc5 Nxc5 19. Rxc5 O-O 20. Rhc1 Rfc8 21. Nd3 Nf5 22. Ne5 Qa6 23. Nxc6 Ra8 24. Nxb4 Qb7 25. Nxd5 h6 26. Rxc8+ Rxc8 27. Rxc8+ Qxc8 28. e4 Qe6 29. f3 Nd6 30. Qb4 Nxe4 31. Ne7+ Kh7 32. d5 Nd2+ 33. Qxd2 Qxe7 34. d6 Qd7 35. Qd3+ g6 36. g4 Kg7 37. h4 h5 38. Qd4+ Kh7 39. b3 axb3 40. axb3 Qb5 41. Qd1 Qd7 42. Qd3 hxg4 43. fxg4 Qxg4 44. d7 Qg1+ 45. Kb2 Qf2+ 46. Ka3 Qc5+ 47. b4 Qc1+ 48. Kb3 Qe1 49. d8=Q Qe6+ 50. Q8d5 1-0


[Site "https://www.chess.com"]

[Event "Titled Tuesday Blitz July 26 Late 2022"]
[White "Ovchinnikov, Vsevolod"]
[Black "Schwabeneder, Florian"]
[WhiteFideId "24176842"]
[BlackFideId "1626191"]
[WhiteElo "2376"]
[BlackElo "2275"]
[Result "0-1"]
[Round "03"]
[TimeControl "180+1"]
[Date "2022.07.27"]
[WhiteClock "0:00:01"]
[BlackClock "0:00:04"]

1. d4 Nf6 2. c4 e6 3. g3 Bb4+ 4. Bd2 Be7 5. Bg2 d5 6. Qc2 O-O 7. Nf3 Ne4 8. O-O c6 9. Be1 Nd7 10. Nfd2 Nxd2 11. Nxd2 b6 12. e4 Bb7 13. cxd5 cxd5 14. exd5 Bxd5 15. Bxd5 exd5 16. Qb3 Nf6 17. Rc1 Qd7 18. Nf3 Rfc8 19. Bb4 Bxb4 20. Qxb4 Ne4 21. Kg2 f6 22. Qb3 Qe6 23. Rfd1 Rc4 24. Rxc4 dxc4 25. Qb5 a6 26. d5 axb5 27. dxe6 Nc5 28. Rd6 Na4 29. b3 Nc3 30. Rxb6 Nxa2 31. Rxb5 c3 32. Rc5 Re8 33. Nd4 g6 34. Rc7 Nb4 35. Rxc3 f5 36. Rc7 Nd5 37. Rd7 Nf6 38. Rd6 Kg7 39. f3 h5 40. Kf2 h4 41. gxh4 Nh5 42. Rd7+ Kf6 43. b4 Nf4 44. b5 Ke5 45. e7 Kf6 46. Nc6 Ne6 47. Rd8 Nc5 48. Rxe8 Nd3+ 49. Ke3 Kf7 50. Rf8+ Ke6 0-1


[Site "https://www.chess.com"]

[Event "Titled Tuesday Blitz July 26 Late 2022"]
[White "Oye-Stromberg, Alexander"]
[Black "Barria Zuniga, Daniel"]
[WhiteFideId "1525999"]
[BlackFideId "3400816"]
[WhiteElo "1958"]
[BlackElo "2414"]
[Result "0-1"]
[Round "03"]
[TimeControl "180+1"]
[Date "2022.07.27"]
[WhiteClock "0:00:02"]
[BlackClock "0:00:06"]

1. d4 g6 2. e4 Bg7 3. Nf3 c5 4. Be3 Nf6 5. Nbd2 Ng4 6. Bc4 O-O 7. O-O Qc7 8. c3 Nxe3 9. fxe3 Nc6 10. Bb3 d6 11. Qe1 Na5 12. Bc2 e5 13. Rc1 b5 14. Qh4 Qd8 15. Qxd8 Rxd8 16. b4 Nc6 17. bxc5 dxc5 18. dxc5 Bf8 19. Nb3 a5 20. Kf2 a4 21. Nbd2 Bxc5 22. Ke2 Be6 23. Ng5 Bxa2 24. Ra1 Bc4+ 25. Nxc4 bxc4 26. Rxa4 Rxa4 27. Bxa4 Na5 28. Nxf7 Rd3 29. Nxe5 Rxc3 30. Nd7 Rxe3+ 31. Kd2 Rd3+ 32. Kc2 Bb4 33. e5 Rd2+ 34. Kb1 Nb3 35. Bxb3 cxb3 36. e6 Re2 37. Nf6+ Kg7 38. Ne8+ Kh6 39. Nc7 Bc3 40. Nd5 Bd4 41. e7 Ra2 42. Kc1 Ra1+ 43. Kd2 Rxf1 44. e8=Q b2 45. Qf8+ Rxf8 46. Kc2 Rf2+ 0-1


[Site "https://www.chess.com"]

[Event "Titled Tuesday Blitz July 26 Late 2022"]
[White "Paravyan, David"]
[Black "Dev, Shah"]
[WhiteFideId "4194985"]
[BlackFideId "35019058"]
[WhiteElo "2569"]
[BlackElo "2048"]
[Result "1/2-1/2"]
[Round "03"]
[TimeControl "180+1"]
[Date "2022.07.26"]
[WhiteClock "0:00:08"]
[BlackClock "0:00:05"]

1. e4 e5 2. Nf3 Nc6 3. Nc3 Nf6 4. d4 exd4 5. Nxd4 Bb4 6. Nxc6 bxc6 7. Bd3 d5 8. exd5 O-O 9. O-O Bg4 10. f3 Bh5 11. Bg5 Bxc3 12. bxc3 cxd5 13. Qd2 Bg6 14. Qf4 Qd6 15. Qxd6 cxd6 16. Bxf6 gxf6 17. Rfb1 Rfc8 18. Rb3 Rc7 19. Rd1 Rac8 20. Bxg6 hxg6 21. Rxd5 Rxc3 22. Rxc3 Rxc3 23. Rxd6 Rxc2 24. Ra6 Rc7 25. g4 Kg7 26. h4 Rb7 27. Kf2 Rc7 28. Kg3 Rb7 29. a3 Rc7 30. a4 Rb7 31. a5 Rc7 32. Kf4 Rb7 33. Ke4 Rd7 34. Rc6 Re7+ 35. Kd4 Re5 36. Ra6 Re7 37. Rc6 Re5 38. Ra6 Re7 39. Kc5 f5 40. gxf5 gxf5 41. h5 f4 42. h6+ Kh7 43. Rf6 Re5+ 44. Kb4 Re3 45. Rxf4 Kxh6 46. Rxf7 a6 47. Kc5 Kg6 48. Ra7 Rxf3 49. Rxa6+ Kf7 50. Rd6 Ke7 51. Rd4 Rc3+ 52. Kb6 Rb3+ 53. Ka7 Rb1 54. a6 Rb2 55. Ka8 Rb1 56. Rd5 Rb2 57. Rd3 Rb1 58. Rd2 Rb3 59. Ka7 Rb1 60. Rd5 Rb3 61. Rd4 Rb1 62. Ka8 Rb3 63. Rh4 Kd7 64. Rh7+ Kc8 65. Rb7 Ra3 66. Ka7 Ra1 67. Rb5 Ra2 68. Rg5 Ra1 69. Rc5+ Kd7 70. Rc4 Rb1 71. Rc5 Rb2 72. Re5 Kc7 73. Re7+ Kc8 74. Rb7 Ra2 75. Rb3 Ra1 76. Rc3+ Kd7 77. Rc4 Rb1 78. Rg4 Kc7 79. Rg7+ Kc8 80. Rb7 Ra1 81. Rb5 Ra2 82. Rc5+ Kd7 83. Kb6 Rb2+ 84. Ka5 Ra2+ 85. Kb5 Rb2+ 86. Ka5 Ra2+ 87. Kb6 Rb2+ 88. Ka7 Rb1 89. Rc3 Rb2 90. Rg3 Kc7 91. Rg1 Rb3 92. Rg7+ Kc8 93. Rb7 Ra3 94. Rb2 Ra4 95. Rc2+ Kd7 96. Kb6 Rb4+ 97. Ka5 Rb1 98. Rc3 Ra1+ 99. Kb6 Rb1+ 100. Ka7 Rb2 101. Rc4 Rb1 1/2-1/2


[Site "https://www.chess.com"]

[Event "Titled Tuesday Blitz July 26 Late 2022"]
[White "Pesotskiy, Mikhail"]
[Black "Rychkov, Roman"]
[WhiteFideId "34164453"]
[BlackFideId "30985595"]
[WhiteElo "2010"]
[BlackElo "1866"]
[Result "1-0"]
[Round "03"]
[TimeControl "180+1"]
[Date "2022.07.27"]
[WhiteClock "0:00:16"]
[BlackClock "0:00:01"]

1. d4 Nf6 2. c4 e6 3. Nc3 Bb4 4. Qc2 O-O 5. a3 Bxc3+ 6. Qxc3 d5 7. Bg5 dxc4 8. Qxc4 b6 9. Nf3 h6 10. Bxf6 gxf6 11. Rc1 Ba6 12. Qxc7 Qd5 13. e3 Bxf1 14. Rxf1 Nd7 15. Qc6 Qa5+ 16. Qc3 Qd5 17. Kd2 Rfd8 18. Rfd1 f5 19. Ke2 Qb5+ 20. Qd3 Qd5 21. Rc7 Rac8 22. Rdc1 Nc5 23. Rxc8 Nxd3 24. Rxd8+ Qxd8 25. Kxd3 f6 26. Nd2 Qd5 27. f3 Qb5+ 28. Nc4 Qb3+ 29. Rc3 Qd1+ 30. Nd2 Qg1 31. Rc8+ Kg7 32. Rc7+ Kg6 33. Rxa7 Qxh2 34. Rb7 Qxg2 35. Rxb6 h5 36. a4 h4 37. a5 h3 38. a6 Qg1 39. Rb8 Qa1 40. Rh8 Qxa6+ 41. Nc4 e5 42. Rxh3 e4+ 43. fxe4 fxe4+ 44. Kc3 Qc6 45. Rh4 Kg5 46. Rf4 f5 47. b3 Qb5 48. Nd6 Qc6+ 49. Nc4 Qb5 50. Rf1 Qc6 51. Rg1+ Kf6 52. Kb4 Qb7+ 53. Kc3 Qc7 54. d5 Qh2 55. Rf1 Qg2 56. Rf4 Qe2 57. d6 Qd3+ 58. Kb4 Ke6 59. Ka4 Qd5 60. Rf2 Qa8+ 61. Kb4 Qb7+ 62. Kc3 Qa6 63. Rd2 Kd7 64. Ne5+ Ke6 65. d7 Qa5+ 66. Kc2 Qa2+ 67. Kd1 Qa1+ 68. Ke2 Qa6+ 69. Kf2 1-0


[Site "https://www.chess.com"]

[Event "Titled Tuesday Blitz July 26 Late 2022"]
[White "Quesada Perez, Yuniesky"]
[Black "Karas, Marek"]
[WhiteFideId "3504409"]
[BlackFideId "14928558"]
[WhiteElo "2599"]
[BlackElo "2250"]
[Result "0-1"]
[Round "03"]
[TimeControl "180+1"]
[Date "2022.07.27"]
[WhiteClock "0:00:04"]
[BlackClock "0:00:17"]

1. e4 e6 2. d4 d5 3. e5 c5 4. c3 Nc6 5. Nf3 Qb6 6. a3 c4 7. Nbd2 Na5 8. Be2 Bd7 9. O-O Ne7 10. Re1 Nc8 11. Nf1 Qc7 12. Bf4 Nb6 13. h4 h6 14. Rb1 Ba4 15. Qd2 Nb3 16. Qe3 O-O-O 17. h5 Be7 18. N3h2 Kb8 19. Bg4 Ka8 20. Qe2 Rdf8 21. Bg3 Bd7 22. Ne3 g6 23. Rf1 Rhg8 24. Rbd1 Na4 25. Nxd5 exd5 26. e6 Bd6 27. Bxd6 Qxd6 28. exd7 f5 29. Bf3 Qxd7 30. hxg6 Rxg6 31. Rfe1 Rgg8 32. Nf1 a6 33. Ne3 Nb6 34. Qc2 f4 35. Nf1 Qh3 36. Ng3 Qd7 37. Nh5 Qh3 38. Ng3 Qd7 39. Nf1 Qh3 40. Qh7 Qxf3 41. Ng3 Qg4 0-1


[Site "https://www.chess.com"]

[Event "Titled Tuesday Blitz July 26 Late 2022"]
[White "Raja Harshit"]
[Black "Manukian, Artak"]
[WhiteFideId "5089000"]
[BlackFideId "13301373"]
[WhiteElo "2338"]
[BlackElo "2348"]
[Result "1/2-1/2"]
[Round "03"]
[TimeControl "180+1"]
[Date "2022.07.26"]
[WhiteClock "0:00:05"]
[BlackClock "0:00:18"]

1. e4 c6 2. Nf3 d5 3. Nc3 dxe4 4. Nxe4 Nf6 5. Qe2 Nxe4 6. Qxe4 Nd7 7. Bc4 Nf6 8. Ne5 e6 9. Qe2 b5 10. Bd3 Bb7 11. a4 a6 12. b3 Bd6 13. Bb2 Qc7 14. O-O O-O 15. f4 g6 16. Qf2 Nd7 17. Ng4 h5 18. Nh6+ Kh7 19. Qh4 f5 20. Rae1 Nc5 21. Ng4 Nxd3 22. Rxe6 Nxf4 23. Rxf4 fxg4 24. Rff6 Bxh2+ 25. Kh1 Bg3 26. Qxh5+ gxh5 27. Rh6+ Kg8 28. Rhg6+ Kh7 29. Rh6+ Kg8 30. Rhg6+ Kf7 31. Rgf6+ Kg8 32. Rg6+ 1/2-1/2


[Site "https://www.chess.com"]

[Event "Titled Tuesday Blitz July 26 Late 2022"]
[White "Riff, Vincent"]
[Black "Drygalov, Andrey"]
[WhiteFideId "617776"]
[BlackFideId "24171735"]
[WhiteElo "2369"]
[BlackElo "2531"]
[Result "0-1"]
[Round "03"]
[TimeControl "180+1"]
[Date "2022.07.26"]
[WhiteClock "0:00:09"]
[BlackClock "0:00:45"]

1. d4 Nf6 2. Nf3 d5 3. Bf4 c5 4. e3 Nc6 5. c3 Qb6 6. Qc2 g6 7. Nbd2 Bg7 8. Be2 O-O 9. O-O Bf5 10. Qc1 Rac8 11. h3 Nd7 12. Nb3 Be4 13. Rd1 Rfd8 14. Ng5 Bf5 15. Nf3 h6 16. Bg3 e5 17. dxe5 Ndxe5 18. Nxe5 Nxe5 19. Bh4 Rd7 20. Bg3 a5 21. Nd2 Nd3 22. Bxd3 Bxd3 23. Nf3 Be2 24. Rd2 Bxf3 25. gxf3 Qe6 26. Qd1 Rcd8 27. Kg2 h5 28. h4 d4 29. cxd4 cxd4 30. exd4 Bxd4 31. Qe2 Qxe2 32. Rxe2 Bf6 33. Rae1 Kg7 34. Be5 Rd2 35. Bxf6+ Kxf6 36. Re5 Rxb2 37. Rxa5 Rdd2 38. Ra7 Rxf2+ 39. Kg3 Rg2+ 40. Kf4 Rh2 41. Kg3 Rbg2+ 42. Kf4 Rxh4+ 43. Ke3 Rb2 44. Rc1 Rhb4 45. Rc7 h4 46. a3 R4b3+ 47. Ke4 h3 48. Rc1 h2 49. Rh1 Rg2 50. Kf4 Rf2 51. Kg3 Rbxf3+ 52. Kg4 Rb3 53. Ra4 Kg7 54. Re4 f5+ 55. Kg5 fxe4 0-1


[Site "https://www.chess.com"]

[Event "Titled Tuesday Blitz July 26 Late 2022"]
[White "Roberson, Peter T"]
[Black "Howell, David W L"]
[WhiteFideId "412384"]
[BlackFideId "410608"]
[WhiteElo "2346"]
[BlackElo "2559"]
[Result "0-1"]
[Round "03"]
[TimeControl "180+1"]
[Date "2022.07.27"]
[WhiteClock "0:00:01"]
[BlackClock "0:00:17"]

1. Nf3 d5 2. b3 c5 3. e3 a6 4. Bb2 Nc6 5. d4 Nf6 6. Nbd2 cxd4 7. exd4 Bf5 8. Be2 e6 9. O-O Be7 10. Nh4 Bg6 11. Nxg6 hxg6 12. Nf3 b5 13. Re1 O-O 14. a4 Qb6 15. g3 Rfc8 16. Kg2 Ne4 17. Bd3 f5 18. Qe2 Rab8 19. axb5 axb5 20. h4 Bf6 21. Red1 Nxd4 22. Nxd4 Bxd4 23. Bxd4 Qxd4 24. Bxb5 Qxf2+ 25. Qxf2 Nxf2 26. Bd7 Nxd1 27. Bxe6+ Kf8 28. Bxc8 Ne3+ 29. Kf3 Nxc2 30. Rd1 Rxc8 31. Rxd5 Ke7 32. Ra5 Nd4+ 33. Kf4 Rc3 34. g4 Ne6+ 35. Ke5 fxg4 36. Ra7+ Nc7 0-1


[Site "https://www.chess.com"]

[Event "Titled Tuesday Blitz July 26 Late 2022"]
[White "Rose, Felix"]
[Black "Melikhov, Evgeny V."]
[WhiteFideId "5105722"]
[BlackFideId "4122046"]
[WhiteElo "2039"]
[BlackElo "1995"]
[Result "1/2-1/2"]
[Round "03"]
[TimeControl "180+1"]
[Date "2022.07.27"]
[WhiteClock "0:00:40"]
[BlackClock "0:00:13"]

1. e4 c5 2. Nf3 d6 3. d4 cxd4 4. Nxd4 Nf6 5. Nc3 a6 6. f3 e5 7. Nb3 Be6 8. Be3 Be7 9. Qd2 O-O 10. O-O-O Nbd7 11. g4 b5 12. g5 Nh5 13. Kb1 Nb6 14. Na5 Qc7 15. Rg1 Nc4 16. Nxc4 Bxc4 17. Nd5 Bxd5 18. Qxd5 Rfc8 19. Rd2 Qc6 20. Bh3 Qxd5 21. Rxd5 Rc6 22. Bg4 Nf4 23. Bxf4 exf4 24. h4 g6 25. Rg2 b4 26. Bd7 Rc7 27. Ba4 Kg7 28. Rh2 h5 29. gxh6+ Kxh6 30. h5 g5 31. Rf5 f6 32. Ra5 Rc5 33. Rxc5 dxc5 34. Bb3 Rd8 35. Kc1 a5 36. Bf7 a4 37. Rd2 c4 38. Rxd8 Bxd8 39. b3 axb3 40. axb3 c3 41. Kd1 Bb6 42. Ke2 Bc5 43. Bg6 Bd6 44. Kd3 Be7 45. Ke2 Bd6 46. Kf2 Be7 47. Kg2 Bd6 48. Kh3 Be7 49. Kg4 Bd6 50. Kf5 Be5 51. Kg4 Bd6 52. Be8 Be5 53. Bg6 Bd4 54. Bf5 Be5 55. Be6 Bd4 56. Bf7 Be5 57. Kf5 Bd4 58. Kg4 Be5 59. Kh3 Bd4 60. Kg2 Be5 61. Kf2 Bd4+ 62. Ke2 Be5 63. Kd3 Bd6 64. Kd4 Be7 65. e5 fxe5+ 66. Kxe5 Bd8 67. Kf5 Be7 68. Kg4 Bd8 69. Bg6 Be7 70. Kf5 Bd8 71. Ke4 Be7 72. Kd3 Bf8 73. Ke4 Be7 74. Kf5 Bd8 75. Kg4 Be7 76. Bd3 Bd8 77. Be4 Be7 78. Bd3 Bd8 79. Be4 Be7 80. Bd3 1/2-1/2


[Site "https://www.chess.com"]

[Event "Titled Tuesday Blitz July 26 Late 2022"]
[White "Rosen, Eric"]
[Black "Sivakumar, Shaaketh"]
[WhiteFideId "2032562"]
[BlackFideId "30940176"]
[WhiteElo "2362"]
[BlackElo "1799"]
[Result "1-0"]
[Round "03"]
[TimeControl "180+1"]
[Date "2022.07.27"]
[WhiteClock "0:00:03"]
[BlackClock "0:00:20"]

1. d4 e6 2. e4 d5 3. e5 c5 4. c3 Nc6 5. Nf3 Bd7 6. Bd3 Qb6 7. O-O cxd4 8. Re1 a6 9. a3 Rc8 10. b4 dxc3 11. Nxc3 Nd4 12. Bb2 Nh6 13. h3 Nxf3+ 14. Qxf3 Be7 15. Ne2 O-O 16. Bd4 Qd8 17. Ng3 f6 18. Qe2 f5 19. f4 Nf7 20. Nh5 Kh8 21. g4 Nh6 22. g5 Bxg5 23. fxg5 Qxg5+ 24. Kh1 Qh4 25. Bc5 Qxh3+ 26. Kg1 Ng4 27. Nf4 Qg3+ 28. Ng2 f4 29. Bf2 Nxf2 30. Qxf2 Qxd3 31. Rf1 Rc2 32. Qf3 Qg6 33. Rae1 Bc6 34. Re2 d4 35. Qf2 Rxe2 36. Qxe2 f3 37. Rf2 fxe2 38. Rxf8# 1-0


[Site "https://www.chess.com"]

[Event "Titled Tuesday Blitz July 26 Late 2022"]
[White "Rustemov, Alexander"]
[Black "Danielyan, Vahe"]
[WhiteFideId "4119002"]
[BlackFideId "13304828"]
[WhiteElo "2805"]
[BlackElo "2419"]
[Result "1-0"]
[Round "03"]
[TimeControl "180+1"]
[Date "2022.07.26"]
[WhiteClock "0:00:31"]
[BlackClock "0:00:53"]

1. d4 g6 2. c4 Bg7 3. Nf3 c5 4. d5 Nf6 5. Nc3 O-O 6. e4 d6 7. h3 a6 8. a4 e5 9. g4 h5 10. Nh2 Nbd7 11. Be2 h4 12. Bg5 Qb6 13. Qd2 Nh7 14. Bxh4 Qb4 15. a5 b5 16. cxb5 axb5 17. Bxb5 g5 18. Bg3 Rb8 19. Ra4 Qb3 20. Bc4 Qxb2 21. Nf3 Bf6 22. Ke2 Qxd2+ 23. Nxd2 Bd8 24. Bb5 Nhf6 25. f3 Ne8 26. Rb1 Nc7 27. Bxd7 Rxb1 28. Bxc8 Rb4 29. a6 Na8 30. Nc4 Nb6 31. Nxb6 Bxb6 32. Bb7 Rb2+ 33. Kd3 Ba7 34. Be1 Rb8 35. Bd2 f6 36. Ra2 Rb4 37. Kc2 Kf7 38. Rb2 Rh8 39. Rxb4 cxb4 40. Nd1 Bc5 41. Be3 b3+ 42. Kxb3 Rb8 43. Bxc5 dxc5 44. Kc4 1-0


[Site "https://www.chess.com"]

[Event "Titled Tuesday Blitz July 26 Late 2022"]
[White "Salem, A.R. Saleh"]
[Black "Vivekananthan, Anish"]
[WhiteFideId "9301348"]
[BlackFideId "2090775"]
[WhiteElo "2679"]
[BlackElo "2756"]
[Result "0-1"]
[Round "03"]
[TimeControl "180+1"]
[Date "2022.07.26"]
[WhiteClock "0:00:02"]
[BlackClock "0:00:32"]

1. d4 d5 2. c4 c6 3. Nc3 Nf6 4. Nf3 e6 5. g3 Nbd7 6. Bg2 dxc4 7. O-O Be7 8. a4 a5 9. e4 O-O 10. Qe2 b6 11. Bf4 Ba6 12. Rfd1 Qc8 13. h3 Bb4 14. Qc2 b5 15. axb5 cxb5 16. e5 Nh5 17. Ng5 g6 18. d5 Nxf4 19. gxf4 Bxc3 20. bxc3 exd5 21. Rxd5 Bb7 22. Rd6 Bxg2 23. Kxg2 Nc5 24. Qe2 Qf5 25. Rf6 Qd3 26. Qg4 Ne4 27. Nxe4 Qxe4+ 28. Kh2 b4 29. Rg1 bxc3 30. Qg5 Qe2 31. f5 Qxe5+ 32. Rg3 c2 33. Rc6 Rac8 34. Rb6 Rc5 35. Qc1 Qxf5 36. Kg2 Qe4+ 37. Kg1 Re5 38. Kh2 Rf5 0-1


[Site "https://www.chess.com"]

[Event "Titled Tuesday Blitz July 26 Late 2022"]
[White "Suleymanli, Aydin"]
[Black "Tanenbaum, Zachary"]
[WhiteFideId "13413937"]
[BlackFideId "2060850"]
[WhiteElo "2481"]
[BlackElo "2175"]
[Result "0-1"]
[Round "03"]
[TimeControl "180+1"]
[Date "2022.07.26"]
[WhiteClock "0:00:02"]
[BlackClock "0:00:15"]

1. e4 e5 2. Nf3 Nc6 3. Bc4 Nf6 4. d3 Be7 5. O-O O-O 6. Re1 d6 7. a4 Be6 8. Nbd2 h6 9. h3 Qd7 10. b3 a6 11. Bb2 Nh7 12. d4 exd4 13. Nxd4 Nxd4 14. Bxd4 Bf6 15. c3 Bxd4 16. cxd4 d5 17. exd5 Bxd5 18. Qc2 Nf6 19. Nf1 Bxc4 20. Qxc4 Rad8 21. Rad1 c6 22. Re5 Rfe8 23. Ne3 Qd6 24. Qc3 Ne4 25. Qc2 Nf6 26. Nf5 Qd7 27. Rde1 Nd5 28. Qd1 Rxe5 29. Rxe5 f6 30. Rxd5 cxd5 31. Qf3 Re8 32. Kh2 Re4 33. h4 g6 34. Ne3 Rxh4+ 35. Kg1 Qc6 36. Qd1 Qc3 37. g3 Rxd4 38. Qf3 Re4 39. Kg2 Kg7 40. Qd1 d4 41. Qf3 Qc6 42. Nc4 Re6 43. Qxc6 0-1


[Site "https://www.chess.com"]

[Event "Titled Tuesday Blitz July 26 Late 2022"]
[White "Tatarinov, Dmitry"]
[Black "Holt, Conrad"]
[WhiteFideId "24160067"]
[BlackFideId "2034387"]
[WhiteElo "2302"]
[BlackElo "2586"]
[Result "0-1"]
[Round "03"]
[TimeControl "180+1"]
[Date "2022.07.26"]
[WhiteClock "0:00:05"]
[BlackClock "0:00:15"]

1. d4 d5 2. c4 c6 3. Nf3 Nf6 4. e3 Bf5 5. Nc3 e6 6. Nh4 Bg6 7. Nxg6 hxg6 8. g3 Nbd7 9. Qb3 Qc7 10. Bd2 Nb6 11. cxd5 exd5 12. Be2 Be7 13. O-O-O a5 14. Qc2 Nc4 15. Bxc4 dxc4 16. e4 b5 17. h4 a4 18. e5 Nd5 19. Nxd5 cxd5 20. e6 a3 21. exf7+ Kxf7 22. b3 Rhc8 23. Kb1 Qd7 24. h5 gxh5 25. Rxh5 Bf6 26. Bb4 cxb3 27. Qxb3 Rc4 28. Bc5 Qg4 29. Rhh1 Rxc5 30. dxc5 Qe4+ 31. Qc2 Qe5 32. Kc1 Ra4 33. f4 Qe3+ 34. Qd2 Rc4+ 35. Kb1 Qe4+ 36. Qd3 Rb4+ 37. Kc2 Rb2+ 38. Kc1 Rxa2 39. Qxe4 dxe4 40. c6 Rb2 41. Rd7+ Ke6 42. Rhd1 a2 43. Ra7 Rb1+ 44. Kc2 Rxd1 45. f5+ Kd6 46. c7 Kd7 47. Rxa2 Rg1 48. Ra7 Rxg3 49. Kd2 b4 50. Ke2 b3 51. Rb7 Rc3 52. c8=Q+ Kxc8 0-1


[Site "https://www.chess.com"]

[Event "Titled Tuesday Blitz July 26 Late 2022"]
[White "Toncheva, Nadya"]
[Black "Nagy, Gabor"]
[WhiteFideId "2924056"]
[BlackFideId "737119"]
[WhiteElo "1888"]
[BlackElo "2530"]
[Result "0-1"]
[Round "03"]
[TimeControl "180+1"]
[Date "2022.07.26"]
[WhiteClock "0:00:04"]
[BlackClock "0:01:34"]

1. e4 Nf6 2. e5 Nd5 3. c4 Nb6 4. d4 d6 5. exd6 cxd6 6. Nc3 g6 7. Nf3 Bg7 8. Be2 O-O 9. Be3 Bg4 10. b3 Nc6 11. O-O d5 12. c5 Nc8 13. h3 Bxf3 14. Bxf3 e6 15. Rb1 N8e7 16. b4 Nf5 17. Ne2 a6 18. a4 Nh4 19. b5 Nxf3+ 20. gxf3 axb5 21. axb5 Na5 22. Qc1 Nc4 23. Bg5 Bf6 24. Bxf6 Qxf6 25. Kg2 Ra3 26. Qf4 Qe7 27. Ra1 Rfa8 28. Rxa3 Rxa3 29. c6 bxc6 30. bxc6 Ra7 31. Rb1 Rc7 32. Qh6 Qf8 33. Qf4 Rxc6 34. Rb7 Nd6 35. Ra7 Qb8 36. Rd7 Qf8 37. Ra7 Rc8 38. h4 h5 39. Ng1 Nf5 40. Nh3 Qg7 41. Ng5 Rf8 42. Ra4 Re8 43. Ra7 Re7 44. Ra8+ Qf8 45. Rxf8+ Kxf8 46. Qe5 Kg8 47. Qf6 Rd7 48. Nxe6 fxe6 49. Qxe6+ Rf7 50. Qxd5 Nxh4+ 51. Kf1 Nf5 52. Qd8+ Rf8 53. d5 Rxd8 0-1


[Site "https://www.chess.com"]

[Event "Titled Tuesday Blitz July 26 Late 2022"]
[White "Vasquez Schroeder, Rodrigo"]
[Black "Nakamura, Hikaru"]
[WhiteFideId "3400042"]
[BlackFideId "2016192"]
[WhiteElo "2567"]
[BlackElo "2850"]
[Result "1-0"]
[Round "03"]
[TimeControl "180+1"]
[Date "2022.07.26"]
[WhiteClock "0:00:10"]
[BlackClock "0:00:08"]

1. d4 f5 2. Nf3 Nf6 3. g3 g6 4. Bg2 Bg7 5. c4 O-O 6. b4 d6 7. Bb2 Nc6 8. a3 e5 9. dxe5 Ng4 10. Qb3 Ngxe5 11. Nbd2 Qe7 12. O-O Be6 13. Qc2 Rae8 14. Rac1 f4 15. b5 Bf5 16. Qb3 Na5 17. Qb4 c5 18. bxc6 Nexc6 19. Qb5 a6 20. Qb6 Bxb2 21. Qxb2 Qf6 22. Qb6 Rxe2 23. Rfe1 Rfe8 24. Rxe2 Rxe2 25. Bf1 Re8 26. c5 d5 27. Nb3 fxg3 28. Nxa5 gxf2+ 29. Kxf2 Bg4 30. Bg2 Bxf3 31. Bxf3 Qh4+ 32. Kf1 Qf4 33. Qb3 Qxf3+ 34. Qxf3 1-0


[Site "https://www.chess.com"]

[Event "Titled Tuesday Blitz July 26 Late 2022"]
[White "Wagner, Dennis"]
[Black "Sarana, Alexey"]
[WhiteFideId "24650684"]
[BlackFideId "24133795"]
[WhiteElo "2355"]
[BlackElo "2666"]
[Result "0-1"]
[Round "03"]
[TimeControl "180+1"]
[Date "2022.07.26"]
[WhiteClock "0:00:02"]
[BlackClock "0:00:29"]

1. e4 c5 2. Nf3 d6 3. d4 cxd4 4. Nxd4 Nf6 5. Nc3 a6 6. Be3 e5 7. Nf3 Qc7 8. h3 Be7 9. a4 O-O 10. Be2 b6 11. O-O Bb7 12. Nd2 Nbd7 13. Bf3 Nc5 14. Qe2 Ne6 15. Nd5 Nxd5 16. exd5 Nd4 17. Bxd4 exd4 18. Nb3 Bf6 19. Qd3 Rac8 20. Nxd4 Qc5 21. Nc6 Bxb2 22. Ne7+ Kh8 23. Nxc8 Bxa1 24. Nxd6 Qxd6 25. Rxa1 Qb4 26. c3 Qb3 27. Rb1 Qxa4 28. Rxb6 Bc8 29. c4 a5 30. c5 Qf4 31. c6 a4 32. Rb1 Bf5 33. Qd1 Bxb1 34. Qxb1 a3 35. Qa2 Qd6 36. Qb3 h6 37. Qa2 Rb8 38. g3 Rb2 39. Qa1 Kg8 40. Qc1 Rb8 41. Kg2 Ra8 42. c7 Rc8 0-1


[Site "https://www.chess.com"]